 Dungeon Crawl Stone Soup version 0.31.0-9-g3a7656b989 (webtiles) character file.

Game seed: 13784705665665500757

253 qw the Shooter (level 5, -2/41 HPs)
             Began as a Demigod Hunter on Feb 2, 2024.
             Slain by Sigmund
             ... wielding a +0 scythe
              (6 damage)
             ... on level 4 of the Dungeon.
             The game lasted 00:00:09 (2640 turns).

qw the Shooter (Demigod Hunter)                     Turns: 2640, Time: 00:00:10

Health: -2/41      AC:  5    Str: 12    XL:     5   Next: 58%
Magic:  7/7        EV: 11    Int: 11    God:
Gold:   216        SH:  0    Dex: 21    Spells: 4/4 levels left

rFire   . . .        a - +1 shortbow
rCold   . . .        (shield currently unavailable)
rNeg    . . .        f - +0 ring mail
rPois   .            (no helmet)
rElec   .            (no cloak)
rCorr   .            (no gloves)
SInv    .            (no boots)
Will    .....        (no amulet) Stlth
                     (no ring)
HPRegen 0.26/turn    (no ring)
MPRegen 0.10/turn

%: no passive effects
@: confused
A: high MP 1, forlorn, divine attributes
a: no special abilities


You were on level 4 of the Dungeon.
You visited 1 branch of the dungeon, and saw 4 of its levels.

You collected 216 gold pieces.


Innate Abilities, Weirdness & Mutations

You have an increased reservoir of magic. (+10% MP)
You shall have no god before yourself.
Your divine heritage dramatically boosts your attributes as you level up.


   Skills:
 + Level 2.0 Fighting
 - Level 6.3 Ranged Weapons
 - Level 1.0 Armour
 - Level 2.0 Dodging
 - Level 0.8 Stealth


You had 4 spell levels left.
You didn't know any spells.
Your spell library was empty.

Inventory:

Hand Weapons
 a - a +1 shortbow (weapon)
Armour
 b - a +2 hat
 f - a +0 ring mail (worn)
 h - a +0 pair of gloves
 j - a +0 cloak
Jewellery
 k - a ring of positive energy
Wands
 m - a wand of polymorph (8)
Scrolls
 e - a scroll of silence {unknown}
 l - a scroll of teleportation
Potions
 d - a potion of enlightenment

Dungeon Overview and Level Annotations

Branches:
Dungeon (4/15)
 Temple: D:4-7

Annotations:
D:4 Sigmund


Message History

Sigmund barely misses you. Sigmund misses you. Sigmund misses you.
Sigmund barely misses you.
Sigmund hits you from afar with a +0 scythe.
You feel less invigorated.
Sigmund points at you and mumbles some strange words.
You are more confused.
Sigmund casts a spell at you. The magic dart hits you.
Sigmund casts a spell at you. The puff of flame hits you.
Sigmund casts a spell.
Sigmund flickers and vanishes!
Deactivating autopickup; reactivate with Ctrl-A.
You shoot an arrow. Something hits you!
You shoot an arrow. Something hits you!
You shoot an arrow.
A magic dart appears from out of thin air!
The magic dart hits you!
You shoot an arrow. Something hits you.
You shoot an arrow. Something hits you but does no damage.
You shoot an arrow. Something hits you but does no damage.
You shoot an arrow. You shoot an arrow.
You hear some strange, mumbled words.
You are more confused.
You hear some strange, mumbled words.
Something tries to affect you, but you resist.
You shoot an arrow.
A magic dart appears from out of thin air!
The magic dart hits you!
You shoot an arrow. Something hits you.
You die...

#
#...>.........###.####......###
###.#......######
#.##........... ........#..#
#.##.#......##. ###.#...#..#
##.##.#......##. #
#.#...#..#### ......######.#..
###.#.........# ......# #.#..
......#.......# ......# #.#..
###.#####...#####....... #.#..
#...)...#.....@.{.# #.#..
#..######.######### #..
#..#.........# ###
#..#.####..#.##
#..#.#<.#..#..###
#..#....#.)##..|#
###..######..####.# .......#
#..####.# .##..#.#
#....##.######


There were no monsters in sight!

Vanquished Creatures
  A phantom (D:4)
  A scorpion (D:4)
  Robin (D:4)
  4 adders (D:2)
  2 ribbon worms
  2 dart slugs
  An orc (D:4)
  6 ball pythons
  3 bats
  3 endoplasms
  5 giant cockroaches
  9 goblins
  5 hobgoblins
  3 jackals (D:4)
  8 kobolds
  2 frilled lizards (D:1)
  8 rats
64 creatures vanquished.

Notes
Turn   | Place    | Note
-------+----------+-------------------------------------------
     0 | D:1      | qw the Demigod Hunter began the quest for the Orb.
     0 | D:1      | Reached XP level 1. HP: 17/17 MP: 3/3
     0 | D:1      | 0 ||| qw: Version: 0.3-a-155-g5e7d8dd
     0 | D:1      | 0 ||| qw: Game counter: 458
     0 | D:1      | 0 ||| qw: Melee chars always use a shield: true
     0 | D:1      | 0 ||| qw: God list: Okawaru
     0 | D:1      | 0 ||| qw: Allow faded altars: false
     0 | D:1      | 0 ||| qw: Do Orc after clearing Dungeon:15 true
     0 | D:1      | 0 ||| qw: Do second Lair branch before Depths: true
     0 | D:1      | 0 ||| qw: Lair rune preference: random
     0 | D:1      | 0 ||| qw: Goals: Normal
     0 | D:1      | 0 ||| PLANNING D:1-11
   115 | D:1      | Reached skill level 4 in Ranged Weapons
   204 | D:1      | Reached XP level 2. HP: 24/24 MP: 4/4
   597 | D:1      | 597 ||| READING 3 scrolls labelled CAOKHL SEUNUQINOOMO.
   597 | D:1      | 597 ||| IDENTIFYING sapphire potion
   598 | D:1      | 598 ||| READING 2 scrolls of identify.
   598 | D:1      | 598 ||| IDENTIFYING bubbling pink potion
   599 | D:1      | 599 ||| READING scroll of identify.
   599 | D:1      | 599 ||| IDENTIFYING fuming ruby potion
   600 | D:1      | 600 ||| READING scroll labelled YHINAXTOEFI.
   605 | D:1      | 605 ||| DROPPING scroll of butterflies.
   606 | D:1      | 606 ||| DROPPING potion of berserk rage.
   607 | D:1      | 607 ||| DROPPING potion of attraction.
   872 | D:2      | Reached XP level 3. HP: 29/29 MP: 5/5
  1102 | D:2      | Reached skill level 5 in Ranged Weapons
  1342 | D:2      | 1342 ||| UPGRADING to +0 ring mail.
  1352 | D:2      | 1352 ||| DROPPING +0 leather armour.
  1353 | D:2      | 1353 ||| READING scroll labelled ZEENEN FIREAXT.
  1354 | D:2      | 1354 ||| READING scroll labelled VOJE PICVY.
  1354 | D:2      | 1354 ||| ENCHANTING +0 shortbow.
  1355 | D:2      | 1355 ||| READING scroll labelled GEISUCL MOMU.
  1355 | D:2      | 1355 ||| ENCHANTING +0 shortbow.
  1521 | D:3      | Reached XP level 4. HP: 36/36 MP: 6/6
  1892 | D:3      | 1892 ||| READING scroll of identify.
  1892 | D:3      | 1892 ||| IDENTIFYING bubbling inky potion
  1893 | D:3      | 1893 ||| READING scroll labelled WETYMM PEMUC.
  1894 | D:3      | 1894 ||| READING scroll labelled MIROUS ZOLLE.
  1895 | D:3      | 1895 ||| DROPPING potion of degeneration.
  1963 | D:4      | Reached skill level 1 in Armour
  2378 | D:4      | Noticed Robin
  2387 | D:4      | Killed Robin
  2388 | D:4      | Reached XP level 5. HP: 41/41 MP: 7/7
  2517 | D:4      | Reached skill level 6 in Ranged Weapons
  2607 | D:4      | Noticed Sigmund
  2610 | D:4      | 2610 ||| DRINKING cyan potion.
  2611 | D:4      | 2611 ||| DRINKING clear potion.
  2619 | D:4      | 2619 ||| DRINKING murky sapphire potion.
  2639 | D:4      | HP: 4/41 [something/magic dart (9)]
  2640 | D:4      | Slain by Sigmund

Levels and vault maps discovered:
D:1:      mainiacjoe_arrival_reflecting_pool, layout_rooms, serial_forest,
          infiniplex_forest_lined_2, infiniplex_forest_lined_3,
          infiniplex_forest_end_2, infiniplex_forest_diagonal,
          infiniplex_forest_straight_5, infiniplex_forest_zigzag_1,
          shapermc_ecumenical_altar_gd, minmay_misc_feat_iff, item_on_display_a
D:2:      layout_loops_ring
D:3:      layout_basic
D:4:      layout_basic, kennysheep_nub, uniq_robin, uniq_sigmund

Skill      XL: |  1  2  3  4  5 |
---------------+----------------+-----
Ranged Weapons | 4 5 6 |  6.3
Fighting       | 2 |  2.0
Dodging        | 2 |  2.0
Armour         | 1 |  1.0
Stealth        | |  0.8

Action                     |  1- 3 |  4- 6 || total
---------------------------+-------+-------++-------
   Fire: Shortbow          |   119 |    93 ||   212
    Use: Scroll            |     7 |     3 ||    10
         Potion            |       |     3 ||     3
 Armour: Leather armour    |    21 |       ||    21
         Ring mail         |     1 |    30 ||    31
         Skin              |       |    10 ||    10
  Dodge: Dodged            |    25 |    17 ||    42

Table legend:
 A = Non-vault XP
 B = Vault XP
 C = Vault XP percentage of total XP
 D = Non-vault monster count
 E = Vault monster count
 F = Vault count percentage of total count
                 A         B        C        D         E       F
            +---------+---------+-------+---------+---------+-------
      Total |     333 |      29 |   8.0 |      56 |       8 |  12.5
            +---------+---------+-------+---------+---------+-------
        D:1 |      29 |       0 |   0.0 |      18 |       0 |   0.0
        D:2 |      78 |       0 |   0.0 |      19 |       0 |   0.0
        D:3 |      20 |       0 |   0.0 |       9 |       0 |   0.0
        D:4 |     206 |      29 |  12.3 |      10 |       8 |  44.4
            +---------+---------+-------+---------+---------+-------
